 Dungeon Crawl Stone Soup version 0.29.0-4-gdea44cf6ec (webtiles) character file.

Game seed: 15594351632455571323

8 qw the Caller (level 2, 0/23 HPs)
             Began as a Ghoul Summoner on Sept 10, 2022.
             Slain by a kobold
             ... wielding a +0 club
              (4 damage)
             ... on level 1 of the Dungeon.
             The game lasted 00:00:09 (388 turns).

qw the Caller (Ghoul Summoner)                       Turns: 388, Time: 00:00:10

Health: 0/23       AC:  2    Str: 11    XL:     2   Next: 8%
Magic:  0/3        EV: 12    Int: 10    God:
Gold:   16         SH:  0    Dex:  9    Spells: 3/4 levels left

rFire   . . .      SeeInvis .   c - +0 mace
rCold   + . .      Faith    .   (no shield)
rNeg    + + +      Spirit   .   a - +0 robe
rPois   inf        Reflect  .   (no helmet)
rElec   .          Harm     .   (no cloak)
rCorr   .          Rampage  .   (no gloves)
Will    .....                   (no boots)
Stlth   ++........              (no amulet)
HPRegen 0.00/turn               (no ring)
MPRegen 0.08/turn               (no ring)

@: inhibited regen
A: claws 1, cold resistance 1, negative energy resistance 3, inhibited
regeneration, torment resistance 2, devour on kill
a: no special abilities


You were on level 1 of the Dungeon.
You visited 1 branch of the dungeon, and saw 1 of its levels.

You collected 16 gold pieces.


Innate Abilities, Weirdness & Mutations

You are immune to poison.
You have sharp fingernails.
Your flesh is cold resistant. (rC+)
You are immune to negative energy. (rN+++)
You do not regenerate when monsters are visible.
You are immune to unholy pain and torment.
You thrive by killing the living.


   Skills:
 - Level 1.0 Fighting
 + Level 1.0 Axes
 - Level 1.7 Dodging
 - Level 2.1 Stealth
 - Level 1.7 Spellcasting
 - Level 3.6 Summonings


You had 3 spell levels left.
You knew the following spells:

 Your Spells              Type           Power      Damage    Failure   Level
a - Summon Small Mammal   Summ           32%        N/A       8%          1

Your spell library contained the following spells:

 Spells                   Type           Power      Damage    Failure   Level
 Call Imp                 Summ           8%         N/A       11%         2
 Call Canine Familiar     Summ           8%         N/A       22%         3
 Summon Guardian Golem    Hex/Summ       4%         N/A       43%         3
 Summon Lightning Spire   Summ/Air       4%         N/A       83%         4

Inventory:

Hand Weapons
 c - a +0 mace (weapon)
Armour
 a - a +0 robe (worn)
Potions
 b - a potion of magic
 d - a potion of brilliance {unknown}

Dungeon Overview and Level Annotations

Branches:
Dungeon (1/15)

Altars:


Message History

371 ||| CASTING Summon Small Mammal
Casting: Summon Small Mammal (safe; 8% risk of failure)
Confirm with . or Enter, or press ? or * to list all spells.
372 ||| CASTING Summon Small Mammal
Casting: Summon Small Mammal (safe; 8% risk of failure)
Confirm with . or Enter, or press ? or * to list all spells.
Your rat disappears in a puff of smoke!
The kobold barely misses your rat.
Your rat bites the kobold.
The kobold barely misses your rat.
Your rat closely misses the kobold.
The kobold hits your rat with a +0 club.
Your rat dies!
Your rat's corpse disappears in a puff of smoke!
You hit the kobold but do no damage. The kobold hits you with a +0 club.
You closely miss the kobold. The kobold hits you with a +0 club.
The kobold hits you but does no damage.
You barely miss the kobold. The kobold hits you with a +0 club.
You barely miss the kobold.
The endoplasm jiggles.
The kobold hits you with a +0 club.
381 ||| CASTING Summon Small Mammal
Casting: Summon Small Mammal (safe; 8% risk of failure)
Confirm with . or Enter, or press ? or * to list all spells.
The kobold hits you with a +0 club.
You miss the kobold. The kobold hits you with a +0 club. x2
You barely miss the kobold. The kobold barely misses you.
You hit the kobold but do no damage. The kobold closely misses you.
You closely miss the kobold. The kobold barely misses you. x2
You barely miss the kobold. The kobold completely misses you.
You barely miss the kobold. The kobold barely misses you.
You barely miss the kobold. The kobold misses you.
The kobold hits you with a +0 club.
You die...

#### ...######
##%.%...########
#.......>....).#
..........####.####
..........# #rb@.#
..........# ####K#
..........# J..
..........# ..#..
............ ...
... ............
.... .. .........
..... . ......


You could see an endoplasm, a kobold (ally target), a friendly bat (summoned)
and a friendly rat (summoned).

Vanquished Creatures
  2 ball pythons (D:1)
  A hobgoblin (D:1)
  A quokka (D:1)
  A kobold (D:1)
5 creatures vanquished.

Vanquished Creatures (collateral kills)
  2 bats (D:1)
  A rat (D:1)
3 creatures vanquished.

Grand Total: 8 creatures vanquished

Notes
Turn   | Place    | Note
-------+----------+-------------------------------------------
     0 | D:1      | qw the Ghoul Summoner began the quest for the Orb.
     0 | D:1      | Reached XP level 1. HP: 14/14 MP: 2/2
     0 | D:1      | 0 ||| qw: Version: 0.1-a-116-g5d60599
     0 | D:1      | 0 ||| qw: Game counter: 7651
     0 | D:1      | 0 ||| qw: Always use a shield: true
     0 | D:1      | 0 ||| qw: God list: Okawaru
     0 | D:1      | 0 ||| qw: Allow faded altars: false
     0 | D:1      | 0 ||| qw: Do Orc after D:15 true
     0 | D:1      | 0 ||| qw: Do second Lair branch before Depths: true
     0 | D:1      | 0 ||| qw: Lair rune preference: random
     0 | D:1      | 0 ||| qw: Plans: Normal
     0 | D:1      | 0 ||| PLANNING D:1-11
     6 | D:1      | 6 ||| Wielding weapon +0 mace.
    29 | D:1      | 29 ||| CASTING Summon Small Mammal
    30 | D:1      | 30 ||| CASTING Summon Small Mammal
    40 | D:1      | 40 ||| CASTING Summon Small Mammal
   170 | D:1      | 170 ||| CASTING Summon Small Mammal
   171 | D:1      | 171 ||| CASTING Summon Small Mammal
   226 | D:1      | 226 ||| CASTING Summon Small Mammal
   227 | D:1      | 227 ||| CASTING Summon Small Mammal
   252 | D:1      | 252 ||| CASTING Summon Small Mammal
   253 | D:1      | 253 ||| CASTING Summon Small Mammal
   260 | D:1      | 260 ||| Stepping ~*~*~tactically~*~*~ (outnumbered).
   263 | D:1      | Reached skill level 1 in Axes
   264 | D:1      | 264 ||| CASTING Summon Small Mammal
   272 | D:1      | Reached XP level 2. HP: 19/22 MP: 0/3
   326 | D:1      | 326 ||| CASTING Summon Small Mammal
   327 | D:1      | 327 ||| CASTING Summon Small Mammal
   328 | D:1      | 328 ||| CASTING Summon Small Mammal
   334 | D:1      | Reached skill level 1 in Fighting
   368 | D:1      | 368 ||| Stepping ~*~*~tactically~*~*~ (stealth).
   370 | D:1      | 370 ||| CASTING Summon Small Mammal
   371 | D:1      | 371 ||| CASTING Summon Small Mammal
   372 | D:1      | 372 ||| CASTING Summon Small Mammal
   381 | D:1      | 381 ||| CASTING Summon Small Mammal
   382 | D:1      | HP: 4/23 [kobold/+0 club (2)]
   388 | D:1      | Slain by a kobold

Levels and vault maps discovered:
D:1:      doesnt_arrival_eight_statues, layout_rooms

Skill      XL: |  1  2 |
---------------+-------+-----
Axes           | 1 |  1.0
Fighting       | 1 |  1.0
Dodging        | |  1.7
Stealth        | |  2.1
Spellcasting   | |  1.7
Summonings     | |  3.6

Action                   || total
-------------------------++-------
Melee: Mace              ||    31
 Cast: Summon Small Mamm ||    16
Armor: Robe              ||    13
Dodge: Dodged            ||    28

Table legend:
 A = Non-vault XP
 B = Vault XP
 C = Vault XP percentage of total XP
 D = Non-vault monster count
 E = Vault monster count
 F = Vault count percentage of total count
                 A         B        C        D         E       F
            +---------+---------+-------+---------+---------+-------
      Total |      12 |       0 |   0.0 |       8 |       0 |   0.0
            +---------+---------+-------+---------+---------+-------
        D:1 |      12 |       0 |   0.0 |       8 |       0 |   0.0
            +---------+---------+-------+---------+---------+-------
